cohdb
Replays
Latest Replays
All Replays
Popular Replays
Top Player Replays
Match Explorer
How It Works
Community
CoH3 Stats
Reddit
Sign in to upload your games and track your stats! →
Sign in with Steam
Match 41330692
Unlisted
Match 41330692
Overview
Messages
Build Orders
End
Kradschützen Motorcycle Team
Selects Armored Support Battlegroup
Panzergrenadier Squad
Panzergrenadier Squad
Construct Light Support Kompanie
Fire Support Elements
Flakvierling Half-track
Assault Mechanized Group
Pak 38 Anti-tank Gun Team
Selects Veteran Gunners
2.5-tonne Medical Truck
MG34 Team
Selects Salvage Kits
Selects Panzer Storm
Veteran Squad Leaders
Construct Panzerarmee Kommand
Selects Stuka Anti-tank Loiter
Walking Stuka Rocket Launcher
Selects Flammpanzer III Medium Tank
Armored Reserves
Emergency Repair Kits
Panzerpioneer Squad
Rapid Advance
Selects Battlefield Salvage
Tiger Heavy Tank
Assault Grenadier Squad
Panzerpioneer Squad
Tungsten Core Ammunition
Construct Mechanized Kompanie
18-tonne Recovery Half-track
Walking Stuka Rocket Launcher
Advanced Optics
Panzerpioneer Squad
Panzer IV Assault Group
Vehicle Survival Package
Castellan
Mr.Faraam
Alienman217
GREATSWORD FOR THE LIFE
AHOIENMQ
Yikers
Vlambulance-YouTube
Lucuze
0
0
Comments
sign in to comment!
No comments posted yet!